 Dungeon Crawl Stone Soup version 0.24-a0-205-g1d96822 (webtiles) character file.

Game seed: 14368814096353235049

4491 krystol the Geomancer (level 10, -9/61 HPs)
             Began as a Gargoyle Earth Elementalist on Mar 28, 2019.
             Was a Follower of Sif Muna.
             Killed by divine providence
             ... invoked by an orc priest
              (15 damage)
             ... on level 9 of the Dungeon.
             The game lasted 00:25:31 (9454 turns).

krystol the Geomancer (Gargoyle Earth Elementalist) Turns: 9454, Time: 00:25:32

Health: -9/61      AC: 17    Str:  8    XL:     10   Next: 38%
Magic:  9/18       EV: 14    Int: 19    God:    Sif Muna [*.....]
Gold:   409        SH:  7    Dex: 15    Spells: 14/20 levels left

rFire    + + +     SeeInvis .   H - +6 flail "Galoid" {elec, rC+}
rCold    + . .     Gourm    .   t - +2 buckler {reflect}
rNeg     + . .     Faith    .   x - +2 robe of the Thunderstorm {rF+++ Str-4 Dex+5}
rPois    ∞         Spirit   .   g - +2 helmet
rElec    +         Reflect  +   k - +0 cloak
rCorr    .         Harm     .   A - +0 pair of gloves
MR       .....                  (no boots)
Stlth    ++........             (no amulet)
HPRegen  0.20/turn              (no ring)
MPRegen  0.16/turn              (no ring)

@: no status effects
A: negative energy resistance 1, electricity resistance, unbreathing,
petrification resistance, rot immunity, AC +7
a: Divine Energy, Renounce Religion


You were on level 9 of the Dungeon.
You worshipped Sif Muna.
Sif Muna was aware of your devotion.
You were hungry.

You visited 2 branches of the dungeon, and saw 10 of its levels.

You collected 409 gold pieces.

Inventory:

Hand Weapons
 H - the +6 flail "Galoid" (weapon) {elec, rC+}
   (You found it on level 8 of the Dungeon)

   Occasionally, upon striking a foe, it will discharge some electrical energy
   and cause terrible harm.
   It protects you from cold.
Missiles
 b - 171 stones (quivered)
 o - a throwing net
Armour
 g - a +2 helmet (worn)
 k - a +0 cloak (worn)
 t - a +2 buckler of reflection (worn)
 x - the +2 robe of the Thunderstorm (worn) {rF+++ Str-4 Dex+5}
   (You found it on level 5 of the Dungeon)

   It affects your strength (-4).
   It affects your dexterity (+5).
   It renders you almost immune to fire.
 A - a +0 pair of gloves (worn)
Jewellery
 I - a +4 ring of dexterity
Wands
 u - a wand of polymorph (35)
 C - a wand of disintegration (14)
 F - a wand of flame (10)
Scrolls
 h - 8 scrolls of identify
 j - 3 scrolls of amnesia
 l - a scroll of fear
 p - 3 scrolls of magic mapping
 s - 5 scrolls of blinking {unknown}
 y - 3 scrolls of remove curse {unknown}
 B - 2 scrolls of enchant armour
 D - 3 scrolls of teleportation
 E - 2 scrolls of immolation {unknown}
 G - a scroll of enchant weapon
Potions
 a - 7 potions of curing
 e - 4 potions of degeneration
 f - 2 potions of lignification
 i - 2 potions of berserk rage
 m - a potion of ambrosia {unknown}
 n - a potion of agility {unknown}
 q - 3 potions of flight {unknown}
 r - a potion of brilliance {unknown}
 v - 2 potions of invisibility {unknown}
 w - a potion of might {unknown}
 z - a potion of cancellation {unknown}
 J - 2 potions of haste
Comestibles
 c - 4 chunks of flesh
 d - 21 rations


   Skills:
 + Level 6.4 Fighting
 + Level 5.1 Armour
 - Level 4.0 Dodging
 - Level 2.1 Stealth
 - Level 4.2 Shields
 + Level 5.8 Spellcasting
 - Level 4.1 Conjurations
 - Level 0.7 Transmutations
 * Level 10.7 Earth Magic


You had 14 spell levels left.
You knew the following spells:

 Your Spells              Type           Power        Failure   Level  Hunger
a - Sandblast             Erth           #####.       1%          1    None
b - Passwall              Tmut/Erth      ####....     1%          2    None
c - Stone Arrow           Conj/Erth      ####..       1%          3    ##.....

Your spell library contained the following spells:

 Spells                   Type           Power        Failure   Level  Hunger
 Lee's Rapid Deconstruct  Erth           #####.....   3%          5    #####..
 Petrify                  Tmut/Erth      ####....     11%         4    ####...
 Animate Skeleton         Necr           N/A          12%         1    None
 Apportation              Tloc           #.....       12%         1    None
 Confusing Touch          Hex            #.....       12%         1    None
 Summon Small Mammal      Summ           #...         12%         1    None


Dungeon Overview and Level Annotations

Branches:
Dungeon (9/15)             Temple (1/1) D:6
   Lair: D:8-11         Orc: D:9-12

Altars:
Ashenzari
Cheibriados
Dithmenos
Elyvilon
Fedhas
Gozag
Hepliaklqana
Kikubaaqudgha
Makhleb
Nemelex Xobeh
Okawaru
Qazlal
Ru
Sif Muna
Trog
Uskayaw
Vehumet
Wu Jian
Xom
Yredelemnul
Zin
The Shining One

Shops:
D:4 }   D:5 *


Innate Abilities, Weirdness & Mutations

You are resistant to torment.
Your stone body is resilient. (AC +7)
You are immune to poison.
You resist negative energy. (rN+)
You are resistant to electric shocks. (rElec)
You can survive without breathing.
You are immune to petrification.
You are immune to rotting.


Message History

The catoblepas breathes a plume of calcifying dust at you.
The blast of calcifying dust hits you.
* * * LOW HITPOINT WARNING * * *
Okay, then.
You feel better.
The ogre shouts!
The catoblepas breathes a plume of calcifying dust at you.
The blast of calcifying dust hits you but does no damage.
The orc priest shouts!
The catoblepas breathes a plume of calcifying dust at you.
The blast of calcifying dust hits you but does no damage.
The orc shouts!
The orc priest invokes the aid of Beogh against you.
Beogh smites you!
* * * LOW HITPOINT WARNING * * *
The orc is engulfed in calcifying dust.
The orc is moving more slowly.
You block the orc's attack.
The orc priest calls down the wrath of Beogh upon you.
Beogh smites you!
You die...

#.........##..........#
..........##..........#
[[........###....oo..##
#.........###........##
#...........Y.........#
#...[......§...O......#
..........##§§.....<..#
..........##.§§o......#
.#.......###..§.@.....#
......[.## ##..§..(..##
.######## ##..§...## ##
######## # # .... ....
###.


You could see a catoblepas, an ogre, an orc priest and 2 orcs.

Vanquished Creatures
  A two-headed ogre (D:9)
  A troll (D:9)
  Eustachio (D:5)
  2 hungry ghosts
  A water moccasin (D:7)
  A sky beast (D:8)
  2 orc warriors
  3 ice beasts
  A phantom (D:5)
  A black bear (D:9)
  A necrophage (D:9)
  2 ogres (D:7)
  Blork the orc (D:5)
  3 bullfrogs
  3 scorpions
  5 wights
  7 crimson imps
  A centaur zombie (D:6)
  3 hounds
  4 orc priests
  A gnoll shaman (D:7)
  Jessica (D:3)
  Natasha (thrice) (D:2)
  4 iguanas
  6 orc wizards
  7 worker ants
  A hound skeleton (D:8)
  A howler monkey zombie (D:7)
  A worker ant zombie (D:6)
  Robin (D:2)
  A howler monkey skeleton (D:3)
  11 adders
  3 gnolls
  2 shadow imps
  An ooze (D:3)
  An adder zombie (D:8)
  2 adder skeletons
  3 worms
  4 dart slugs
  2 leopard geckos
  31 orcs
  6 giant cockroaches
  19 goblins
  11 hobgoblins
  7 jackals
  7 kobolds
  3 quokkas
  2 ball pythons
  10 bats
  7 frilled lizards
  A jackal skeleton (D:4)
  A leopard gecko skeleton (D:6)
  8 rats
213 creatures vanquished.

Vanquished Creatures (others)
  A centaur (D:8)
1 creature vanquished.

Grand Total: 214 creatures vanquished

Notes
Turn   | Place    | Note
-------+----------+-------------------------------------------
     0 | D:1      | krystol the Gargoyle Earth Elementalist began the quest for
                  | the Orb.
     0 | D:1      | Reached XP level 1. HP: 10/10 MP: 3/3
   603 | D:1      | Reached skill level 4 in Earth Magic
   603 | D:1      | Reached XP level 2. HP: 16/16 MP: 3/5
   607 | D:1      | Learned a level 2 spell: Passwall
   989 | D:1      | Reached skill level 1 in Fighting
  1175 | D:1      | Reached XP level 3. HP: 17/20 MP: 6/6
  1787 | D:2      | Found an iron altar of Okawaru.
  1799 | D:2      | Found a basalt altar of Yredelemnul.
  1850 | D:2      | Noticed Robin
  1881 | D:2      | Reached XP level 4. HP: 21/26 MP: 7/7
  1921 | D:2      | Killed Robin
  1921 | D:2      | Reached skill level 5 in Earth Magic
  1986 | D:2      | Found an ancient bone altar of Kikubaaqudgha.
  2085 | D:2      | Found an ornate altar of the Wu Jian Council.
  2229 | D:2      | Noticed Natasha
  2236 | D:2      | Killed Natasha
  2415 | D:2      | Noticed Natasha
  2422 | D:2      | Killed Natasha
  2422 | D:2      | Reached XP level 5. HP: 21/30 MP: 6/9
  2456 | D:2      | Found an ancient bone altar of Kikubaaqudgha.
  2525 | D:2      | Found an iron altar of Okawaru.
  2537 | D:2      | Found a basalt altar of Yredelemnul.
  2652 | D:2      | Noticed Natasha
  2657 | D:2      | Killed Natasha
  2665 | D:2      | Found an ornate altar of the Wu Jian Council.
  2835 | D:2      | Learned a level 3 spell: Stone Arrow
  3023 | D:2      | Reached skill level 1 in Conjurations
  3023 | D:2      | Reached skill level 6 in Earth Magic
  3023 | D:2      | Reached XP level 6. HP: 36/36 MP: 0/10
  3123 | D:3      | Noticed Jessica
  3124 | D:3      | Killed Jessica
  3526 | D:3      | Found a shimmering altar of Xom.
  3545 | D:3      | Reached XP level 7. HP: 33/41 MP: 12/12
  3827 | D:3      | Reached skill level 1 in Shields
  4312 | D:4      | Found Foghei's Gadget Emporium.
  5007 | D:5      | Entered Level 5 of the Dungeon
  5048 | D:5      | Noticed Blork the orc
  5056 | D:5      | Killed Blork the orc
  5056 | D:5      | Reached skill level 7 in Earth Magic
  5056 | D:5      | Reached XP level 8. HP: 41/46 MP: 1/13
  5178 | D:5      | Found Bisuf's General Store.
  5317 | D:5      | Reached skill level 1 in Armour
  5378 | D:5      | Got a fine robe
  5389 | D:5      | Identified the +2 robe of the Thunderstorm {rF+++ Str-4
                  | Dex+5} (You found it on level 5 of the Dungeon)
  5732 | D:5      | Noticed Eustachio
  5742 | D:5      | Killed Eustachio
  6597 | D:6      | Found a staircase to the Ecumenical Temple.
  6603 | Temple   | Entered the Ecumenical Temple
  6849 | Temple   | Became a worshipper of Sif Muna the Loreminder
  6923 | D:7      | Reached skill level 8 in Earth Magic
  7080 | D:7      | Reached XP level 9. HP: 36/52 MP: 5/15
  7491 | D:7      | Reached skill level 5 in Fighting
  7491 | D:7      | Reached skill level 9 in Earth Magic
  7546 | D:7      | Reached * piety under Sif Muna
  8064 | D:8      | Got a slimy flail
  8075 | D:8      | Identified the +6 flail "Galoid" {elec, rC+} (You found it
                  | on level 8 of the Dungeon)
  8212 | D:8      | Reached skill level 5 in Spellcasting
  8938 | D:9      | Reached skill level 10 in Earth Magic
  8938 | D:9      | Reached XP level 10. HP: 35/60 MP: 16/18
  9324 | D:9      | Noticed a two-headed ogre
  9331 | D:9      | Killed a two-headed ogre
  9331 | D:9      | Reached skill level 5 in Armour
  9415 | D:9      | Noticed a catoblepas
  9454 | D:9      | Killed from afar by an orc priest

Levels and vault maps discovered:
D:1:      dpeg_arrival_short_road, layout_basic, minivault_23, nrook_campfire,
          minmay_pentomino_p4
D:2:      layout_rooms, nicolae_overflow_crystal_walls,
          amethyst_overflow_temple_binary, lemuel_doored_altar, first_ration,
          bh_walls_and_bars, uniq_natasha, uniq_robin
D:3:      layout_basic, st_stairs_11, led_xom_imps, uniq_jessica
D:4:      layout_basic, serial_shops, shop, kennysheep_generic_room_6
D:5:      layout_loops_ring, serial_shops,
          nicolae_shop_competitors_out_of_business, kennysheep_boxes,
          uniq_eustachio, uniq_blork_the_orc
D:6:      layout_loops_cross, minmay_temple_entry_enclosed_plants
D:7:      layout_cave_pools
D:8:      layout_basic, minmay_starry_boxes
D:9:      layout_rooms, uniq_prince_ribbit1
Temple:   dpeg_five_rooms_temple

Skill      XL: |  1  2  3  4  5  6  7  8  9 10 |
---------------+-------------------------------+-----
Earth Magic    | 4 5 6 7 8 10 | 10.7
Fighting       | 1 2 3 4 5 6 |  6.4
Spellcasting   | 3 4 5 |  5.8
Conjurations   | 1 2 3 4 |  4.1
Shields        | 4 |  4.2
Armour         | 2 4 5 |  5.1
Dodging        | 2 3 4 |  4.0
Stealth        | |  2.1
Transmutations | |  0.7

Action                   |  1- 3 |  4- 6 |  7- 9 | 10-12 || total
-------------------------+-------+-------+-------+-------++-------
Melee: Unarmed           |   119 |       |       |       ||   119
       Short sword       |    52 |    68 |       |       ||   120
       Whip              |       |    98 |     4 |       ||   102
       Morningstar       |       |       |   219 |       ||   219
       Flail             |       |       |    77 |    38 ||   115
 Cast: Sandblast         |    22 |    11 |     9 |     6 ||    48
       Stone Arrow       |       |     8 |    45 |    12 ||    65
  Use: Scroll            |       |       |    11 |       ||    11
       Potion            |       |       |       |     1 ||     1
 Stab: Sleeping          |     1 |     3 |     3 |       ||     7
       Invisible         |       |     1 |       |       ||     1
       Distracted        |       |       |     1 |       ||     1
  Eat: Chunk             |     3 |     7 |    15 |     2 ||    27
       Ration            |       |       |     3 |       ||     3
Armor: Robe              |    83 |    19 |    93 |    29 ||   224
       Leather armour    |       |    60 |    50 |       ||   110
Dodge: Dodged            |   170 |   114 |   203 |    28 ||   515
Block: Buckler           |       |       |   102 |    23 ||   125
       Reflection        |       |       |     1 |       ||     1

Table legend:
 A = Non-vault XP
 B = Vault XP
 C = Vault XP percentage of total XP
 D = Non-vault monster count
 E = Vault monster count
 F = Vault count percentage of total count
                 A         B        C        D         E       F
            +---------+---------+-------+---------+---------+-------
      Total |    5690 |     726 |  11.3 |     184 |      30 |  14.0
            +---------+---------+-------+---------+---------+-------
        D:1 |      37 |       6 |  14.0 |      24 |       2 |   7.7
        D:2 |     224 |      71 |  24.1 |      24 |      13 |  35.1
        D:3 |     278 |     241 |  46.4 |      24 |       8 |  25.0
        D:4 |     313 |       2 |   0.6 |      23 |       1 |   4.2
        D:5 |     252 |     310 |  55.2 |       8 |       2 |  20.0
        D:6 |     333 |       0 |   0.0 |      17 |       0 |   0.0
        D:7 |    1422 |       0 |   0.0 |      30 |       0 |   0.0
        D:8 |     967 |      96 |   9.0 |      18 |       4 |  18.2
        D:9 |    1864 |       0 |   0.0 |      16 |       0 |   0.0
            +---------+---------+-------+---------+---------+-------
